 Dungeon Crawl Stone Soup version 0.20.1-1-g8b1a95d (webtiles) character file.

109 markt42 the Covered (level 4, 0/28 HPs)
             Began as a Gargoyle Fighter on Aug 16, 2017.
             Killed by nerve-wracking pain
             ... invoked by Grinder
              (6 damage)
             ... on level 4 of the Dungeon.
             The game lasted 00:02:40 (2462 turns).

markt42 the Covered (Gargoyle Fighter)              Turns: 2462, Time: 00:02:41

Health: 0/28       AC: 17    Str: 28    XL:     4   Next: 89%
Magic:  4/4        EV:  6    Int:  8    God:
Gold:   72         SH: 10    Dex: 10    Spells: 3/3 levels left

rFire    + . .     SeeInvis .   a - +0 flail
rCold    . . .     Gourm    .   c - +0 shield
rNeg     + . .     Faith    .   B - +0 chain mail
rPois    ∞         Spirit   .   v - +2 helmet
rElec    +         Reflect  .   q - +0 cloak
rCorr    .         Harm     .   (no gloves)
MR       .....                  (no boots)
Stlth    ..........             (no amulet)
Regen    0.1/turn               t - +3 ring of strength
MPRegen  0.1/turn               y - ring of protection from fire

@: mighty
A: negative energy resistance 1, electricity resistance, unbreathing,
petrification resistance, rot immunity, AC +3
a: no special abilities


You were on level 4 of the Dungeon.
You were not hungry.

You visited 1 branch of the dungeon, and saw 4 of its levels.

You collected 72 gold pieces.

Inventory:

Hand Weapons
 a - a +0 flail (weapon)
Armour
 c - a +0 shield (worn)
 q - a +0 cloak (worn)
 v - a +2 helmet (worn)
 B - a +0 chain mail (worn)
Jewellery
 t - a +3 ring of strength (left hand)
 y - a ring of protection from fire (right hand)
Wands
 u - a wand of enslavement (6/24)
Scrolls
 g - 2 scrolls of identify
 i - a scroll of random uselessness {unknown}
 j - a scroll of teleportation {unknown}
 l - a scroll of fog {unknown}
 p - a scroll of noise {unknown}
 r - a scroll of remove curse {unknown}
 x - a scroll of fear {unknown}
 C - a scroll of enchant weapon {unknown}
 D - a scroll of enchant armour {unknown}
Potions
 e - a potion of lignification {unknown}
 k - a potion of brilliance {unknown}
 m - 2 potions of curing {unknown}
 n - a potion of ambrosia {unknown}
 o - a potion of flight {unknown}
 w - 2 potions of mutation {unknown}
 A - a potion of heal wounds {unknown}
Comestibles
 f - 4 bread rations
 h - a royal jelly
 s - 3 meat rations
 z - 3 fruits


   Skills:
 + Level 3.5 Fighting
 * Level 3.7 Maces & Flails
 * Level 4.0 Armour
 + Level 0.1 Dodging
 + Level 3.8 Shields


You had 3 spell levels left.
You didn't know any spells.

Dungeon Overview and Level Annotations

Branches:
Dungeon (4/15)
 Temple: D:4-7

Altars:
Dithmenos
Gozag
Kikubaaqudgha
Sif Muna
Trog
Zin

Annotations:
D:4 Grinder


Innate Abilities, Weirdness & Mutations

You are resistant to torment.
Your stone body is resilient. (AC +3)
You are immune to poison.
You resist negative energy. (rN+)
You are resistant to electric shocks. (rElec)
You can survive without breathing.
You are immune to petrification.
You are immune to rotting.


Message History

Grinder gestures at you. Pain shoots through your body!
* * * LOW HITPOINT WARNING * * *
You closely miss Grinder.
Grinder is almost dead.
You block Grinder's attack. x2
You closely miss Grinder.
Grinder is almost dead.
Grinder barely misses you.
You barely miss Grinder.
Grinder is almost dead.
Grinder blinks!
You start resting.
Grinder hits you.
* * * LOW HITPOINT WARNING * * *
You completely miss Grinder.
Grinder is severely wounded.
Grinder gestures at you. Pain shoots through your body!
You die...

###########
........5.#
#########@#
#.# #<# #.#
#.# #.# ..#
###


You could see Grinder.

Vanquished Creatures
  Robin (D:2)
  4 adders
  2 worms
  2 leopard geckos (D:3)
  2 orcs (D:3)
  2 giant cockroaches
  9 goblins
  8 hobgoblins
  5 kobolds
  7 bats
  3 frilled lizards
  5 rats
50 creatures vanquished.

Notes
Turn   | Place    | Note
-------+----------+-------------------------------------------
     0 | D:1      | markt42 the Gargoyle Fighter began the quest for the Orb.
     0 | D:1      | Reached XP level 1. HP: 14/14 MP: 1/1
   289 | D:1      | Reached XP level 2. HP: 15/19 MP: 2/2
  1139 | D:2      | Noticed Robin
  1153 | D:2      | Killed Robin
  1153 | D:2      | Reached XP level 3. HP: 18/23 MP: 3/3
  1464 | D:2      | Found a shadowy altar of Dithmenos.
  1464 | D:2      | Found an opulent altar of Gozag.
  1470 | D:2      | Found a glowing silver altar of Zin.
  1475 | D:2      | Found a bloodstained altar of Trog.
  1477 | D:2      | Found an ancient bone altar of Kikubaaqudgha.
  1554 | D:2      | Reached XP level 4. HP: 28/28 MP: 4/4
  1727 | D:2      | Reached skill level 4 in Armour
  2177 | D:3      | Found a deep blue altar of Sif Muna.
  2439 | D:4      | Noticed Grinder
  2462 | D:4      | Killed from afar by Grinder

Skill      XL: |  1  2  3  4 |
---------------+-------------+-----
Maces & Flails | 3 |  3.7
Armour         | 4 |  4.0
Fighting       | |  3.5
Dodging        | |  0.1
Shields        | |  3.8

Action                   |  1- 3 |  4- 6 || total
-------------------------+-------+-------++-------
Melee: Flail             |   117 |    77 ||   194
Evoke: Wand              |       |     1 ||     1
  Use: Scroll            |       |     1 ||     1
       Potion            |       |     1 ||     1
  Eat: Chunk             |     2 |     3 ||     5
Armor: Scale mail        |    63 |    35 ||    98
       Chain mail        |       |     4 ||     4
Dodge: Dodged            |    23 |    16 ||    39
Block: Shield            |    61 |    44 ||   105
